Map: Backwater LE

Players

BrightYellow

  • Race: Terran Terran
  • Spawn Location: 11:00

NightEnD - Winner!

  • Race: Protoss Protoss
  • Spawn Location: 5:00

Event: WCS Leipzig 2018

VOD

Have the link to the VOD?

Description

Time

  • Played on: Jan. 26, 2018, 6:56 a.m.
  • Length: 5:57

All games in this series

Show
View Real Time Build Order
Export as new Build Order

BrightYellow Terran 

Build Orders:  

Get SALT Encoding   

  12  0:01  SCV  
  13  0:13  SCV  
  14  0:17  Supply Depot  
  14  0:25  SCV  
  15  0:39  SCV  
  15  0:40  Barracks  
  16  0:44  Refinery  
  16  0:51  SCV  
  17  1:01  Barracks  
  17  1:05  SCV  
  18  1:17  SCV  
  19  1:30  Barracks Reactor  
  19  1:31  Orbital Command  
  19  1:41  Supply Depot  
  19  1:49  Barracks Tech Lab  
  19  1:57  SCV  
  20  2:08  Concussive Shells, Marine x2, Marauder  
  24  2:10  Supply Depot  
  24  2:14  SCV  
  25  2:25  Marine x2  
  25  2:29  Marine  
  29  2:30  SCV  
  29  2:43  SCV, Marine x2  
  32  2:44  Factory  
  32  2:47  Marine  
  32  2:50  Supply Depot  
  33  2:53  Refinery  
  33  2:55  SCV  
  34  3:01  Marine  
  34  3:03  Marine  
  34  3:05  Marine  
  35  3:31  Factory Tech Lab, Marine x2, Marauder  
  35  3:34  Starport  
  35  3:40  SCV  
  35  3:44  Supply Depot  
  34  3:58  Siege Tank, Marine  
  34  3:59  Marine  
  40  4:06  Marine  
  40  4:16  Medivac, Marine  
  43  4:18  Marine  
  44  4:24  Marine  
  45  4:31  Liberator  
  45  4:34  Marine  
  45  4:35  Supply Depot, Marine  
  45  4:37  Widow Mine  
  49  4:42  Marine  
  50  4:50  Supply Depot  
  50  4:52  Marine  
  53  4:53  Marine  
  50  5:00  Marine  
  51  5:10  Marine  
  51  5:11  Marine, Siege Tank  
  54  5:23  Marine  
  55  5:31  Marine x2  
  57  5:40  Supply Depot  
Show
View Real Time Build Order
Export as new Build Order

NightEnD Protoss - Winner!

Build Orders: 1 Gate Expand, Blink Stalkers 

Get SALT Encoding   

  12  0:00  Probe  
  13  0:12  Probe  
  14  0:23  Pylon  
  14  0:25  Probe  
  15  0:41  Probe (Chrono Boost)  
  15  0:42  Gateway  
  16  0:44  Assimilator  
  16  0:52  Probe (Chrono Boost)  
  16  0:56  Probe (Chrono Boost)  
  18  1:08  Probe  
  19  1:20  Probe  
  20  1:27  Nexus  
  20  1:36  Cybernetics Core  
  20  1:39  Probe  
  21  1:46  Assimilator  
  21  1:51  Probe  
  22  1:56  Pylon  
  22  2:03  Probe  
  23  2:13  Warp Gate  
  23  2:14  Stalker  
  23  2:15  Probe (Chrono Boost)  
  26  2:27  Probe (Chrono Boost)  
  26  2:29  Twilight Council  
  27  2:33  Probe (Chrono Boost)  
  28  2:39  Probe  
  28  2:41  Probe  
  30  2:46  Stalker (Chrono Boost)  
  30  2:51  Probe  
  33  2:53  Probe  
  34  3:00  Blink (Chrono Boost)  
  35  3:07  Shield Battery  
  35  3:11  Stalker (Chrono Boost)  
  34  3:15  Probe  
  37  3:24  Probe  
  37  3:27  Probe  
  37  3:36  Stalker  
  37  3:37  Probe  
  37  3:39  Probe  
  41  3:49  Probe  
  41  3:51  Gateway  
  41  3:52  Gateway  
  42  3:58  Probe  
  43  4:03  Probe, Pylon  
  43  4:10  Probe  
  44  4:17  Stalker  
  44  4:19  Robotics Facility  
  44  4:21  Probe, Pylon  
  47  4:27  Probe  
  47  4:30  Assimilator  
  48  4:33  Probe  
  49  4:42  Stalker  
  51  4:45  Pylon  
  51  4:48  Stalker x2  
  51  5:04  Immortal (Chrono Boost)  
  57  5:08  Stalker  
  57  5:11  Stalker  
  57  5:12  Stalker  
  61  5:28  Gateway  
  61  5:31  Gateway  
  61  5:33  Gateway  
  61  5:34  Stalker  
  61  5:35  Stalker  
  65  5:36  Pylon  
  65  5:38  Stalker  
Tags
 
Add a new tag
Caveats
  • Supply blocks, unpowered buildings, or Contaminate may cause inaccurate times.
  • Supply counts are checked every 10 seconds.